 Dungeon Crawl Stone Soup version 0.17.1-2-g5865329 (webtiles) character file.

279 Bubnilka the Cudgeler (level 6, -2/53 HPs)
             Began as a Minotaur Fighter on Jan 20, 2016.
             Slain by an ogre
             ... wielding a +0 giant club
              (23 damage)
             ... on level 4 of the Dungeon.
             The game lasted 00:08:03 (2360 turns).

Bubnilka the Cudgeler (Minotaur Fighter)            Turns: 2360, Time: 00:08:03

Health: -2/53      AC:  9    Str: 22    XL:     6   Next: 5%
Magic:  5/5        EV:  7    Int:  5    God:
Gold:   253        SH: 10    Dex: 12    Spells: 0 memorised, 5 levels left

rFire  . . .     SeeInvis .     a - +0 flail
rCold  . . .     Clarity  .     b - +0 scale mail
rNeg   . . .     SustAt   .     c - +0 shield
rPois  .         Gourm    .     (helmet restricted)
rElec  .         Spirit   .     d - +0 cloak {MR+}
rCorr  .         Warding  .     (no gloves)
rMut   .         Stasis   .     g - +0 pair of boots
MR     +....                    (no amulet)
Stlth  ..........               k - ring of flight
                                h - +2 ring of dexterity

@: somewhat resistant to hostile enchantments, extremely unstealthy
A: retaliatory headbutt, horns 2
a: Evoke Flight


You were on level 4 of the Dungeon.
You were not hungry.

You visited 1 branch of the dungeon, and saw 4 of its levels.

You collected 253 gold pieces.

Inventory:

Hand Weapons
 a - a +0 flail (weapon)
Armour
 b - a +0 scale mail (worn)
 c - a +0 shield (worn)
 d - a +0 cloak of magic resistance (worn)
 g - a +0 pair of boots (worn)
Jewellery
 h - a +2 ring of dexterity (left hand)
 k - a ring of flight (right hand)
 m - a cursed ring of loudness {unknown}
Scrolls
 f - 3 scrolls of noise {unknown}
 i - 4 scrolls of enchant weapon {unknown}
 o - 2 scrolls of identify
 q - a scroll of fear {unknown}
 r - 2 scrolls of remove curse {unknown}
Potions
 j - a potion of haste {unknown}
 l - a potion of mutation {unknown}
 n - a potion of ambrosia {unknown}
 s - a potion of lignification {unknown}
Books
 t - a book of Cantrips

   Spells                             Type                      Level
   a - Corona                         Hexes                        1
   b - Animate Skeleton               Necromancy                   1
   c - Summon Small Mammal            Summoning                    1
   d - Apportation                    Translocation                1
Comestibles
 e - 3 bread rations
 p - a meat ration
 u - 3 fruits


   Skills:
 - Level 4.5 Fighting
 * Level 6.2 Maces & Flails
 - Level 4.3 Armour
 - Level 4.4 Shields


You had 5 spell levels left.
You didn't know any spells.

Dungeon Overview and Level Annotations

Branches:
Dungeon (4/15)
 Temple: D:4-7

Altars:
Elyvilon
Okawaru
Vehumet
Beogh


Innate Abilities, Weirdness & Mutations

You reflexively headbutt those who attack you in melee.
You have a pair of horns on your head.


Message History

Found 17 gold pieces.
An ogre comes into view. It is wielding a giant club.
You sock the orc!
The orc is severely wounded.
You block the orc's attack.
You thump the orc!
You kill the orc!
Things that are here:
a short sword; an orc corpse You block the ogre's attack.
Found a stone staircase leading down.
You thump the ogre!
The ogre is heavily wounded.
The ogre hits you with a giant club!
You completely miss the ogre.
The ogre is heavily wounded.
You hit the ogre. Your headbutt misses the ogre.
The ogre is heavily wounded.
The ogre hits you with a giant club!!
You die...

#.....$##
#.......##>.............
#.......#...............
#...................$...
........................
........................
........................
........................
................@.......
...............).O......
........................
............#...........
)............##..#......
.............##..##....#
.............##.## ....#
...........###..# #....
#.........## .## ..


You could see an ogre.

Vanquished Creatures
  Crazy Yiuf (D:2)
  An orc priest (D:4)
  3 gnolls (D:4)
  9 adders
  An ooze (D:2)
  An adder skeleton (D:4)
  5 worms
  4 giant geckos
  6 orcs
  7 goblins
  11 hobgoblins
  3 quokkas (D:2)
  9 bats
  5 giant cockroaches
  2 giant newts
  7 jackals (D:1)
  5 kobolds
  5 rats
85 creatures vanquished.

Notes
Turn   | Place    | Note
--------------------------------------------------------------
     0 | D:1      | Bubnilka the Minotaur Fighter began the quest for the Orb.
     0 | D:1      | Reached XP level 1. HP: 19/19 MP: 0/0
   143 | D:1      | Reached XP level 2. HP: 20/27 MP: 1/1
   340 | D:1      | Reached skill level 4 in Fighting
   446 | D:2      | Reached XP level 3. HP: 31/33 MP: 2/2
   579 | D:2      | Noticed Crazy Yiuf
   588 | D:2      | Killed Crazy Yiuf
   588 | D:2      | Reached XP level 4. HP: 13/41 MP: 3/3
   931 | D:2      | Found an iron altar of Okawaru.
  1438 | D:3      | Reached XP level 5. HP: 47/47 MP: 4/4
  1607 | D:3      | Reached skill level 5 in Maces & Flails
  1876 | D:3      | Found a faded altar to an unknown god.
  2046 | D:4      | Found a radiant altar of Vehumet.
  2212 | D:4      | Found a white marble altar of Elyvilon.
  2293 | D:4      | Found a roughly hewn altar of Beogh.
  2296 | D:4      | Reached skill level 6 in Maces & Flails
  2300 | D:4      | Reached XP level 6. HP: 29/53 MP: 5/5
  2354 | D:4      | Noticed an ogre
  2360 | D:4      | Slain by an ogre

Action                   |  1- 3 |  4- 6 || total
-------------------------+-------+-------++-------
Melee: Flail             |    82 |   145 ||   227
  Use: Scroll            |     3 |       ||     3
       Potion            |     1 |       ||     1
  Eat: Chunk             |       |     4 ||     4
       Fruit             |       |     1 ||     1
